 Seeded DCSS version 0.31-a0-564-g3b7de120b3 (webtiles) character file.

Game seed: 16161720884980326079 (custom seed)

31 innerfire43 the Changeling (level 3, -8/27 HPs)
             Began as a Djinni Shapeshifter on Aug 17, 2023.
             Was a Follower of Lugonu.
             Mangled by Terence
             ... wielding a +0 morningstar
              (11 damage)
             ... on level 2 of the Dungeon.
             The game lasted 00:01:00 (707 turns).

innerfire43 the Changeling (Djinni Shapeshifter)     Turns: 707, Time: 00:01:00

Health: -8/27      AC:  2    Str: 14    XL:     3   Next: 40%
Gold:   44         EV: 12    Int: 11    God:    Lugonu [*.....] SH:  0 Dex: 13

rFire   + +          .
                       - Unarmed
rCold   x . .        (no shield)
rNeg    . . .        a - +0 animal skin
rPois   ∞            (helmet currently unavailable)
rElec   .            (cloak currently unavailable)
rCorr   .            (gloves currently unavailable)
SInv    .            (boots unavailable)
Will    .....        (no amulet)
Stlth   +            (no ring)
HPRegen 0.24/turn    (no ring)
MPRegen 0.00/turn

%: infuse magic (-9 HP)
@: beast-form, flying
A: beast (slay +2), flying, sickness immunity, fire resistance 2, cold
vulnerability 1, float, innate caster, HP casting, extra vitality 1
a: Begin Untransformation, Renounce Religion, Depart the Abyss


You were on level 2 of the Dungeon.
You worshipped Lugonu.
Lugonu was aware of your devotion.
You were a hulking beast.
You visited 1 branch of the dungeon, and saw 2 of its levels.

You collected 44 gold pieces.

Inventory:

Armour
 a - a +0 animal skin (worn)
 k - a +0 helmet
Jewellery
 j - an amulet of faith
Talismans
 c - a beast talisman (active)
 d - a flux talisman
Scrolls
 e - a scroll of brand weapon {unknown}
 g - 2 scrolls of silence {unknown}
 m - a scroll of fog {unknown}
Potions
 b - a potion of lignification
 h - a potion of haste {unknown}
 i - a potion of ambrosia {unknown}
 l - a potion of attraction {unknown}


   Skills:
 - Level 1.0 Fighting
 - Level 2.1 Dodging
 - Level 3.0 Unarmed Combat
 + Level 3.5 Shapeshifting


You knew the following spells:

 Your Spells              Type           Power      Damage    Failure   Level
a - Magic Dart            Conj           0%         1d3       34%         1
Your spell library was empty.

Dungeon Overview and Level Annotations

Branches:
Dungeon (2/15)

Altars:
Lugonu

Annotations:
D:2 Terence


Innate Abilities, Weirdness & Mutations

You are a hulking beast.
Your limbs bulge with bestial killing power. (Slay +2)
You are flying.
You are immune to sickness and miasma.
You are immune to poison.
Your flesh is very heat resistant. (rF++)
You are vulnerable to cold. (rC-)
You float through the air rather than walking.
You learn spells naturally, not from books.
Your magical power is your life essence.
You have superior vitality. (+4 MHP)


Message History

Terence hits you with a +0 morningstar.
You barely miss Terence.
Terence is lightly wounded.
Terence hits you with a +0 morningstar!
Ouch! That really hurt!
* * * LOW HITPOINT WARNING * * *
Unknown command.
You hit Terence but do no damage.
Terence is lightly wounded.
Terence closely misses you.
Unknown command.
It was a potion of heal wounds.
You feel much better. Terence closely misses you.
You hit Terence.
Terence is lightly wounded.
Terence closely misses you.
You hit Terence.
Terence is moderately wounded.
Terence misses you.
You hit Terence.
Terence is moderately wounded.
You hit Terence. You punch Terence, but do no damage.
Terence is moderately wounded.
Terence hits you with a +0 morningstar!
You hit Terence.
Terence is heavily wounded.
Terence closely misses you.
Unknown command.
You hit Terence but do no damage.
Terence is heavily wounded.
Terence closely misses you.
You barely miss Terence.
Terence is heavily wounded.
Terence hits you with a +0 morningstar!
Ouch! That really hurt!
* * * LOW HITPOINT WARNING * * *
You hit Terence but do no damage.
Terence is heavily wounded.
Terence hits you with a +0 morningstar!
You die...

. ###+#..
#####......#
#$.........#
#..........#
#####...h@.....#
#..>..######+###
###.†.######.###
#.............g.
#+#..)....##.###
.........#.##
...######
#......####$.#
#......# #....#.
##.## #......#
#....#.
#..###......#


You could see Terence.

Vanquished Creatures
  An adder (D:2)
  A worm (D:2)
  A dart slug (D:1)
  An endoplasm (D:1)
  3 goblins (D:2)
  2 hobgoblins
  4 kobolds (D:1)
  A quokka (D:1)
  A ball python (D:2)
  A frilled lizard (D:1)
  2 rats (D:2)
18 creatures vanquished.

Notes
Turn   | Place    | Note
-------+----------+-------------------------------------------
     0 | D:1      | innerfire43 the Djinni Shapeshifter began the quest for the
                  | Orb.
     0 | D:1      | Reached XP level 1. HP: 17/17 MP: 0/0
    97 | D:1      | Found a faded altar of an unknown god.
   143 | D:1      | Reached XP level 2. HP: 13/22 MP: 0/0
   150 | D:1      | Prayed at the altar of an unknown god.
   150 | D:1      | Became a worshipper of Lugonu the Unformed
   150 | D:1      | Reached * piety under Lugonu
   588 | D:2      | Reached XP level 3. HP: 21/27 MP: 0/0
   588 | D:2      | Learned a level 1 spell: Magic Dart
   689 | D:2      | Noticed Terence
   697 | D:2      | HP: 1/27 [Terence/+0 morningstar (14)]
   707 | D:2      | Mangled by Terence

Illustrated notes

Levels and vault maps discovered:
D:1:      nzn_arrival_settlement, layout_rooms,
          shapermc_ecumenical_altar_starsandcircs
D:2:      layout_basic, feat_on_display, uniq_jessica, uniq_robin,
          uniq_crazy_yiuf_cottage, uniq_terence

Skill      XL: |  1 |
---------------+----+-----
Shapeshifting  | 3 |  3.5
Fighting       | |  1.0
Dodging        | |  2.1
Unarmed Combat | |  3.0

Action                     || total
---------------------------++-------
  Melee: Unarmed           ||    66
         Punch             ||     2
    Use: Potion            ||     1
 Armour: Animal skin       ||     4
  Dodge: Dodged            ||    37

Table legend: (Time is in decaauts)
 A = Elapsed time spent in this place.
 B = Non-inter-level travel time spent in this place.
 C = Inter-level travel time spent in this place.
 D = Time resting spent in this place.
 E = Time spent auto-exploring this place.
 F = Levels seen in this place.
 G = Mean time per level.
                   A        B        C        D        E       F      G
               +--------+--------+--------+--------+--------+-----+--------+
         Total |    703 |    676 |     27 |      0 |    516 |   2 |  351.5 |
       Dungeon |    703 |    676 |     27 |      0 |    516 |   2 |  351.5 |
               +--------+--------+--------+--------+--------+-----+--------+

Top non-repeatable levels by time:
     D:1: 551 daAuts
     D:2: 151 daAuts
